 Dungeon Crawl Stone Soup version 0.24.0-37-gcf1ca852f1 (webtiles) character file.

Game seed: 3043297846972791541, levelgen mode: deterministic

4111 Iamsoldier the Magician (level 10, -11/77 HPs)
             Began as a Gnoll Skald on Dec 1, 2019.
             Was a Follower of Ashenzari.
             Killed from afar by Erica (30 damage)
             ... with an orb of energy
             ... on level 9 of the Dungeon.
             The game lasted 00:19:39 (9873 turns).

Iamsoldier the Magician (Gnoll Skald)               Turns: 9873, Time: 00:19:39

Health: -11/77     AC: 15    Str: 17    XL:     10   Next: 26%
Magic:  9/20       EV: 21    Int: 16    God:    Ashenzari [*.....]
Gold:   512        SH:  6    Dex: 23    Spells: 14/23 levels left

rFire    . . .     SeeInvis .   a - +0 trident
rCold    . . .     Gourm    .   c - +0 buckler
rNeg     . . .     Faith    .   p - +0 ring mail
rPois    .         Spirit   .   x - +0 hat
rElec    .         Reflect  .   q - +2 cloak (curse)
rCorr    .         Harm     .   s - +1 pair of gloves
MR       .....                  g - +2 pair of boots (curse)
Stlth    +++++.....             (no amulet)
HPRegen  1.22/turn              i - ring of stealth
MPRegen  0.17/turn              z - +6 ring of dexterity (curse)

@: agile, shrouded, regenerating, hasted and slowed
A: distributed training, claws 1, fangs 1, clumsy 1, deterioration 1, strong
nose
a: Curse Item, Scrying, Renounce Religion


You were on level 9 of the Dungeon.
You worshipped Ashenzari.
Ashenzari was aware of your devotion.
You were not hungry.

You visited 2 branches of the dungeon, and saw 10 of its levels.

You collected 512 gold pieces.

Inventory:

Hand Weapons
 a - a +0 trident (weapon)
Missiles
 J - 3 throwing nets (quivered)
Armour
 b - a +0 leather armour
 c - a +0 buckler (worn)
 g - a cursed +2 pair of boots (worn)
 p - a +0 ring mail (worn)
 q - a cursed +2 cloak (worn)
 s - a +1 pair of gloves (worn)
 x - a +0 hat (worn)
 F - a +0 shield
 G - a +0 chain mail
Jewellery
 i - a ring of stealth (left hand)
 z - a cursed +6 ring of dexterity (right hand)
 D - an uncursed ring of stealth
Wands
 e - a wand of digging (5)
 I - a wand of paralysis (9)
Scrolls
 f - 2 scrolls of amnesia {unknown}
 j - 5 scrolls of teleportation
 k - a scroll of random uselessness
 l - 2 scrolls of identify
 o - 2 scrolls of enchant weapon {unknown}
 r - 2 scrolls of enchant armour
 y - a scroll of fear
 A - a scroll of immolation {unknown}
 B - a scroll of magic mapping {unknown}
 E - 2 scrolls of blinking {unknown}
 H - a scroll of fog {unknown}
Potions
 h - a potion of brilliance
 m - 2 potions of lignification
 n - a potion of might
 t - a potion of flight
 u - a potion of berserk rage
 C - a potion of mutation
Comestibles
 d - 11 rations
 L - 8 chunks of flesh


   Skills:
 + Level 6.9 Fighting
 + Level 5.0 Short Blades
 + Level 5.0 Long Blades
 + Level 5.0 Axes
 + Level 5.0 Maces & Flails
 + Level 6.9 Polearms
 + Level 5.0 Staves
 + Level 5.0 Slings
 + Level 5.0 Bows
 + Level 5.0 Crossbows
 + Level 5.0 Throwing
 + Level 5.7 Armour
 + Level 6.9 Dodging
 + Level 5.0 Stealth
 + Level 5.0 Shields
 + Level 5.0 Unarmed Combat
 + Level 7.2 Spellcasting
 + Level 4.1 Conjurations
 + Level 4.1 Hexes
 + Level 6.9 Charms
 + Level 4.1 Summonings
 + Level 4.1 Necromancy
 + Level 4.1 Translocations
 + Level 4.1 Transmutations
 + Level 4.1 Fire Magic
 + Level 4.1 Ice Magic
 + Level 4.1 Air Magic
 + Level 4.1 Earth Magic
 + Level 4.1 Poison Magic
 + Level 5.5 Invocations
 + Level 5.0 Evocations


You had 14 spell levels left.
You knew the following spells:

 Your Spells              Type           Power        Failure   Level  Hunger
a - Infusion              Chrm           ####         1%          1    None
b - Shroud of Golubria    Chrm/Tloc      ###...       3%          2    None
c - Spectral Weapon       Hex/Chrm       ###.....     6%          3    ##.....
d - Regeneration          Chrm/Necr      ###.......   6%          3    ##.....

Your spell library contained the following spells:

 Spells                   Type           Power        Failure   Level  Hunger
 Song of Slaying          Chrm           ####....     1%          2    None
 Animate Skeleton         Necr           N/A          3%          1    None
 Pain                     Necr           ###.         3%          1    None
 Vampiric Draining        Necr           ###.......   12%         3    ##.....
 Animate Dead             Necr           N/A          36%         4    ####...


Dungeon Overview and Level Annotations

Branches:
Dungeon (9/15)             Temple (1/1) D:6            Lair (0/6) D:8
    Orc: D:9-12

Altars:
Ashenzari
Cheibriados
Dithmenos
Elyvilon
Fedhas
Gozag
Hepliaklqana
Kikubaaqudgha
Makhleb
Nemelex Xobeh
Okawaru
Qazlal
Ru
Sif Muna
Trog
Uskayaw
Vehumet
Wu Jian
Xom
Yredelemnul
Zin
The Shining One

Annotations:
D:9 Erica


Innate Abilities, Weirdness & Mutations

Your experience applies equally to all skills.
You have very sharp teeth.
Your uncanny sense of smell can sniff out nearby items.
You have sharp fingernails.
You are clumsy. (Dex -2)
Your body sometimes deteriorates upon taking damage.


Message History

Casting: Spectral Weapon (safe; 6% risk of failure)
Confirm with . or Enter, or press ? or * to list all spells.
Space distorts slightly along a thin shroud covering your body.
Erica completely misses you.
Casting: Shroud of Golubria (safe; 3% risk of failure)
Confirm with . or Enter, or press ? or * to list all spells.
Your skin crawls.
You hit Erica. You bite Erica, but do no damage.
Erica is heavily wounded.
Your spectral weapon hits Erica!
Erica hits your spectral weapon with a +0 scimitar of flaming.
Your spectral weapon shares its damage with you!
Erica burns your spectral weapon.
* * * LOW HITPOINT WARNING * * *
You puncture Erica!
Erica is almost dead.
Your spectral weapon barely misses Erica.
Erica points at you and mumbles some strange words.
The orb of energy hits you!!
You die...

#..#
###'######
##.# #...#
######'##
####'##
........#
#.....#
........#
#)....#
###+####
........#
#.....#
#.......
........+
#.....#
+.....).
........#
#.....#
#.....รท.
........#
#).@..+
#.......
........#
#.@(..#
####'###
........#
+.....#
#.#
........#
#.....#
#.#
#########
###+###
#.# ...#
#.#
######.###
##.#####
#.#
#.......>.
.......#
#.#
#.....[...
.......#
#.#
#)........


You could see Erica and a friendly spectral +0 trident.

Vanquished Creatures
  Harold (D:9)
  A komodo dragon (D:8)
  A vampire (D:8)
  A water moccasin (D:6)
  3 ice beasts
  3 black bears
  5 ogres
  3 centaurs (D:8)
  A necrophage (D:5)
  2 bullfrogs (D:7)
  A water moccasin skeleton (D:8)
  5 killer bees (D:8)
  2 howler monkeys
  2 crimson imps (D:7)
  A jelly (D:6)
  A centaur zombie (D:6)
  7 orc priests
  3 bullfrog zombies
  2 hounds
  3 orc wizards
  A bullfrog skeleton (D:7)
  4 iguanas
  6 worker ants
  A killer bee zombie (D:8)
  2 hound zombies
  3 gnolls (D:3)
  2 worker ant zombies (D:6)
  8 adders
  A howler monkey skeleton (D:8)
  A shadow imp (D:9)
  An adder zombie (D:3)
  An adder skeleton (D:4)
  A worm (D:2)
  3 dart slugs
  5 leopard geckos
  25 orcs
  3 giant cockroaches
  8 goblins
  17 hobgoblins
  13 jackals
  8 kobolds
  4 quokkas
  A ball python (D:4)
  4 bats
  8 frilled lizards
  A jackal zombie (D:7)
  A leopard gecko skeleton (D:4)
  A quokka skeleton (D:4)
  4 rats
186 creatures vanquished.

Vanquished Creatures (others)
  A plant (D:8)
  3 spectral weapons
4 creatures vanquished.

Grand Total: 190 creatures vanquished

Notes
Turn   | Place    | Note
-------+----------+-------------------------------------------
     0 | D:1      | Iamsoldier the Gnoll Skald began the quest for the Orb.
     0 | D:1      | Reached XP level 1. HP: 20/20 MP: 6/6
    95 | D:1      | Reached XP level 2. HP: 26/26 MP: 7/7
   101 | D:1      | Learned a level 2 spell: Shroud of Golubria
  1141 | D:2      | Reached XP level 3. HP: 22/31 MP: 1/9
  1229 | D:2      | Learned a level 3 spell: Spectral Weapon
  1233 | D:2      | Learned a level 3 spell: Regeneration
  1268 | D:2      | Reached skill level 5 in Spellcasting
  1541 | D:2      | Found a glowing golden altar of the Shining One.
  1583 | D:2      | Reached skill level 1 in Invocations
  2068 | D:2      | Reached skill level 1 in Short Blades
  2068 | D:2      | Reached skill level 1 in Long Blades
  2068 | D:2      | Reached skill level 1 in Axes
  2068 | D:2      | Reached skill level 1 in Maces & Flails
  2068 | D:2      | Reached skill level 1 in Staves
  2068 | D:2      | Reached skill level 1 in Slings
  2068 | D:2      | Reached skill level 1 in Bows
  2068 | D:2      | Reached skill level 1 in Crossbows
  2068 | D:2      | Reached skill level 1 in Throwing
  2068 | D:2      | Reached skill level 1 in Stealth
  2068 | D:2      | Reached skill level 1 in Shields
  2068 | D:2      | Reached skill level 1 in Unarmed Combat
  2068 | D:2      | Reached skill level 1 in Evocations
  2189 | D:2      | Found a faded altar of an unknown god.
  2448 | D:3      | Reached XP level 4. HP: 38/38 MP: 7/11
  2630 | D:3      | Reached skill level 1 in Conjurations
  2630 | D:3      | Reached skill level 1 in Hexes
  2630 | D:3      | Reached skill level 1 in Summonings
  2630 | D:3      | Reached skill level 1 in Necromancy
  2630 | D:3      | Reached skill level 1 in Translocations
  2630 | D:3      | Reached skill level 1 in Transmutations
  2630 | D:3      | Reached skill level 1 in Fire Magic
  2630 | D:3      | Reached skill level 1 in Ice Magic
  2630 | D:3      | Reached skill level 1 in Air Magic
  2630 | D:3      | Reached skill level 1 in Earth Magic
  2630 | D:3      | Reached skill level 1 in Poison Magic
  2698 | D:3      | Reached XP level 5. HP: 27/43 MP: 7/12
  3537 | D:4      | Reached XP level 6. HP: 44/50 MP: 8/13
  3623 | D:4      | Reached skill level 5 in Fighting
  3623 | D:4      | Reached skill level 5 in Polearms
  3623 | D:4      | Reached skill level 5 in Dodging
  4398 | D:4      | Reached XP level 7. HP: 27/56 MP: 11/15
  4968 | D:5      | Entered Level 5 of the Dungeon
  5347 | D:5      | Found a bloodstained altar of Trog.
  6032 | D:6      | Found a staircase to the Ecumenical Temple.
  6053 | Temple   | Entered the Ecumenical Temple
  6201 | Temple   | Became a worshipper of Ashenzari the Shackled
  6265 | D:6      | Reached XP level 8. HP: 59/63 MP: 12/16
  6378 | D:6      | Reached skill level 6 in Spellcasting
  7055 | D:7      | Found a faded altar of an unknown god.
  7055 | D:7      | Found an opulent altar of Gozag.
  7065 | D:7      | Found a glowing silver altar of Zin.
  7067 | D:7      | Found a stormy altar of Qazlal.
  7068 | D:7      | Found a faded altar of an unknown god.
  7166 | D:7      | Found a basalt altar of Yredelemnul.
  7196 | D:7      | Reached * piety under Ashenzari
  7284 | D:7      | Reached XP level 9. HP: 68/69 MP: 16/18
  8405 | D:8      | Reached skill level 5 in Armour
  8779 | D:8      | Reached skill level 5 in Invocations
  9109 | D:8      | Found a staircase to the Lair.
  9110 | D:8      | Noticed a komodo dragon
  9140 | D:8      | Killed a komodo dragon
  9140 | D:8      | Reached XP level 10. HP: 49/77 MP: 13/20
  9504 | D:9      | Noticed Harold
  9528 | D:9      | Killed Harold
  9528 | D:9      | Reached skill level 5 in Short Blades
  9528 | D:9      | Reached skill level 5 in Long Blades
  9528 | D:9      | Reached skill level 5 in Axes
  9528 | D:9      | Reached skill level 5 in Maces & Flails
  9528 | D:9      | Reached skill level 5 in Staves
  9528 | D:9      | Reached skill level 5 in Slings
  9528 | D:9      | Reached skill level 5 in Bows
  9528 | D:9      | Reached skill level 5 in Crossbows
  9528 | D:9      | Reached skill level 5 in Throwing
  9528 | D:9      | Reached skill level 5 in Stealth
  9528 | D:9      | Reached skill level 5 in Shields
  9528 | D:9      | Reached skill level 5 in Unarmed Combat
  9528 | D:9      | Reached skill level 7 in Spellcasting
  9528 | D:9      | Reached skill level 5 in Evocations
  9840 | D:9      | Noticed Erica
  9866 | D:9      | Gained mutation: You are clumsy. (Dex -2) [potion of
                  | mutation]
  9866 | D:9      | Gained mutation: Your body sometimes deteriorates upon
                  | taking damage. [potion of mutation]
  9866 | D:9      | Gained mutation: You have sharp fingernails. [potion of
                  | mutation]
  9873 | D:9      | Killed from afar by Erica

Levels and vault maps discovered:
D:1:      saegor_arrival_simple_c, layout_basic
D:2:      layout_rooms, nicolae_overflow_hidden_temple, serial_corexii_hall,
          corexii_hall_statues_i, corexii_hall_statues_x, first_ration,
          chequers_ecumenical_altar_grove, minivault_4, minmay_goblin_outpost
D:3:      layout_loops_ring
D:4:      layout_basic
D:5:      layout_basic, kennysheep_little_box
D:6:      minmay_razor_zed, layout_basic, minmay_temple_entry_statues_fountains
D:7:      layout_loops_cross, yredelemnul_altar_generic,
          chequers_temple_overflow_minitemple
D:8:      layout_loops_ring, david_lair_shrubbed
D:9:      layout_roguey, orc_0_dummy, uniq_erica, uniq_harold
Temple:   nicolae_temple_elliptical

Skill      XL: |  1  2  3  4  5  6  7  8  9 10 |
---------------+-------------------------------+-----
Spellcasting   | 5 6 7 |  7.2
Invocations    | 1 2 3 4 5 |  5.5
Short Blades   | 1 2 3 4 5 |  5.0
Long Blades    | 1 2 3 4 5 |  5.0
Axes           | 1 2 3 4 5 |  5.0
Maces & Flails | 1 2 3 4 5 |  5.0
Staves         | 1 2 3 4 5 |  5.0
Slings         | 1 2 3 4 5 |  5.0
Bows           | 1 2 3 4 5 |  5.0
Crossbows      | 1 2 3 4 5 |  5.0
Throwing       | 1 2 3 4 5 |  5.0
Stealth        | 1 2 3 4 5 |  5.0
Shields        | 1 2 3 4 5 |  5.0
Unarmed Combat | 1 2 3 4 5 |  5.0
Evocations     | 1 2 3 4 5 |  5.0
Conjurations   | 1 2 3 4 |  4.1
Hexes          | 1 2 3 4 |  4.1
Summonings     | 1 2 3 4 |  4.1
Necromancy     | 1 2 3 4 |  4.1
Translocations | 1 2 3 4 |  4.1
Transmutations | 1 2 3 4 |  4.1
Fire Magic     | 1 2 3 4 |  4.1
Ice Magic      | 1 2 3 4 |  4.1
Air Magic      | 1 2 3 4 |  4.1
Earth Magic    | 1 2 3 4 |  4.1
Poison Magic   | 1 2 3 4 |  4.1
Armour         | 3 4 5 |  5.7
Fighting       | 5 6 |  6.9
Polearms       | 5 6 |  6.9
Dodging        | 5 6 |  6.9
Charms         | 6 |  6.9

Action                   |  1- 3 |  4- 6 |  7- 9 | 10-12 || total
-------------------------+-------+-------+-------+-------++-------
Melee: Spear             |   166 |   223 |    23 |       ||   412
       Bite              |     7 |    17 |    53 |    14 ||    91
       Punch             |     2 |       |     3 |       ||     5
       Trident           |       |       |   336 |    76 ||   412
 Cast: Infusion          |     3 |       |     3 |       ||     6
       Shroud of Golubri |     1 |     9 |    23 |     4 ||    37
       Regeneration      |     1 |     2 |     5 |     3 ||    11
       Spectral Weapon   |       |    10 |    23 |     5 ||    38
Invok: Curse Item        |       |       |     3 |       ||     3
  Use: Scroll            |       |     4 |     8 |       ||    12
       Potion            |       |       |       |     5 ||     5
 Stab: Sleeping          |     3 |     2 |    16 |     1 ||    22
       Distracted        |       |       |     1 |       ||     1
  Eat: Chunk             |     3 |     6 |    14 |     3 ||    26
       Ration            |     1 |       |     1 |       ||     2
Armor: Leather armour    |    25 |    39 |    31 |       ||    95
       Ring mail         |       |       |    57 |     5 ||    62
Dodge: Dodged            |    63 |   125 |   217 |    29 ||   434
Block: Buckler           |       |       |    50 |    11 ||    61
